Capitals vs Lightning

Created - March 2, 2016 at 18:38

Goals
1 2 3 T
Capitals 0 1 0 1
Lightning 1 1 0 2
Shots
1 2 3 T
Capitals 2 12 7 21
Lightning 12 10 4 26

1st period

1. Lightning , Henrik Sedin 22 (Patric Hornqvist, Radim Vrbata) at 9:03

Penalties :
Morgan Rielly (WSH) for Roughing (Minor) at 6:14, Matt Stajan (WSH) for Interference (Minor) at 15:48, Derek Dorsett (WSH) for Elbowing (Minor) at 19:45

2nd period

2. Capitals , Cody Eakin 19 (Taylor Hall, Alexander Semin) at 2:16 (PP)
3. Lightning , Kevin Klein 9 (Radim Vrbata, John Gaudreau) at 15:21 (PP)

Penalties :
Travis Zajac (TBL) for Holding (Minor) at 0:57, Calvin de Haan (WSH) for Hooking (Minor) at 15:09

3rd period

No Goal

Penalties :
Mathieu Perreault (WSH) for Interference (Minor) at 6:55, Maxime Talbot (TBL) for High sticking (Minor) at 10:17, Calvin de Haan (WSH) for Elbowing (Minor) at 10:17, Tobias Rieder (TBL) for Hooking (Minor) at 12:38, Tobias Rieder (TBL) for Holding Stick (Minor) at 18:13

Goalie Stats

Jimmy Howard (WSH), 24 saves from 26 shots - (0.923), L, 25-23-6, 59:23 minutes
Jaroslav Halak (TBL), 20 saves from 21 shots - (0.952), W, 24-23-10, 60:00 minutes

Players Stats for Capitals

Player Name              G  A  P  +/- PIM S  H  SB GA TA FO     MP     PP MP  PK MP  
------------------------------------------------------------------------------------
Alexander Ovechkin       0  0  0   0  0   2  4  2  0  0  1/2    22:21   1:41   4:45 
Alexander Semin          0  1  1  -1  0   1  0  0  0  0  0/0     7:53   2:36   0:41 
Andrew Desjardins        0  0  0   0  0   1  1  0  0  0  1/2    16:27   0:00   1:55 
Bryce Salvador           0  0  0   0  0   1  2  1  0  0  0/0    21:10   2:13   3:24 
Calvin de Haan           0  0  0  -1  4   2  3  1  0  0  0/0    17:57   1:41   0:55 
Cody Eakin               1  0  1   0  0   2  0  0  0  0  3/14   20:09   2:36   4:45 
David Desharnais         0  0  0   0  0   4  0  0  0  0  2/12   16:27   0:00   1:55 
Derek Dorsett            0  0  0   0  2   2  5  0  0  0  0/1    14:38   0:00   0:00 
Jay Harrison             0  0  0   0  0   0  0  1  0  0  0/0     4:04   0:00   0:00 
Jiri Tlusty              0  0  0  -1  0   1  0  0  0  0  3/11   19:05   1:41   0:00 
Mathew Dumba             0  0  0  -1  0   0  0  2  0  0  0/0    15:28   0:00   0:21 
Mathieu Perreault        0  0  0   0  2   0  0  0  0  0  11/21  17:05   1:41   0:00 
Matt Stajan              0  0  0  -1  2   0  2  0  0  0  4/5     4:35   0:00   0:00 
Mike Green               0  0  0   0  0   0  4  1  0  0  0/0    24:51   2:04   4:06 
Morgan Rielly            0  0  0   0  2   1  2  2  0  0  0/0    15:26   0:00   2:34 
Nate Guenin              0  0  0   0  0   0  2  2  0  0  0/0    18:25   0:00   3:22 
Taylor Hall              0  1  1   0  0   4  1  0  0  0  0/1    17:58   2:36   0:41 
Tomas Fleischmann        0  0  0   0  0   0  3  0  0  0  1/1    15:48   2:36   0:00 

Players Stats for Lightning

Player Name              G  A  P  +/- PIM S  H  SB GA TA FO     MP     PP MP  PK MP  
------------------------------------------------------------------------------------
Andre Benoit             0  0  0   0  0   0  0  1  0  0  0/0    16:38   0:50   0:48 
Andrej Meszaros          0  0  0   0  0   1  1  0  0  0  0/0    19:14   2:56   2:18 
Andrej Sekera            0  0  0   0  0   2  0  1  0  0  0/0    22:04   3:45   2:06 
Brad Hunt                0  0  0   0  0   0  0  1  0  0  0/0    15:16   0:00   0:16 
Eric Fehr                0  0  0   0  0   0  2  0  0  0  0/0    10:40   0:00   0:32 
Erik Gudbranson          0  0  0   1  0   0  0  0  0  0  0/0    23:35   2:48   1:23 
Henrik Sedin             1  0  1   1  0   3  0  2  0  0  24/32  26:13   3:26   0:38 
Jeff Carter              0  0  0   0  0   1  0  0  0  0  0/1     2:17   0:39   0:00 
John Gaudreau            0  1  1   0  0   4  0  0  0  0  0/0    21:37   3:11   0:26 
Kevin Klein              1  0  1   1  0   1  0  0  0  0  0/0    23:13   4:23   1:43 
Maxime Talbot            0  0  0   0  2   0  2  0  0  0  0/1    13:54   1:30   0:50 
Patric Hornqvist         0  1  1   1  0   5  3  0  0  0  0/1    15:13   4:08   0:19 
Radim Vrbata             0  2  2   1  0   2  0  0  0  0  0/0    12:13   3:13   0:00 
Teddy Purcell            0  0  0   0  0   1  0  0  0  0  0/0    17:11   0:00   2:42 
Tobias Rieder            0  0  0   0  4   2  1  0  0  0  0/1    14:27   0:00   0:00 
Travis Zajac             0  0  0   0  2   2  0  0  0  0  16/25  20:30   3:12   2:49 
Troy Brouwer             0  0  0   0  0   1  0  0  0  0  1/1     6:13   0:42   0:00 
Vernon Fiddler           0  0  0   0  0   1  0  0  0  0  3/8    12:25   2:01   0:18 

3 Stars

1 - Jaroslav Halak (TBL)
2 - Henrik Sedin (TBL)
3 - Kevin Klein (TBL)

Power Play

Capitals - 1 on 3 Attempt(s) - 33.33%
Lightning - 1 on 5 Attempt(s) - 20.00%

Penalty Kill

Capitals - 4 on 5 Attempt(s) - 80.00% - Score 0 goal in Penalty Kill
Lightning - 2 on 3 Attempt(s) - 66.67% - Score 0 goal in Penalty Kill

Team Stat

Capitals - Hits : 29 - Faceoff Wins : 26 - Blocked Shots : 12 - Penalty Minutes : 12
Lightning - Hits : 9 - Faceoff Wins : 44 - Blocked Shots : 5 - Penalty Minutes : 8

Official

Referees : Frederick L'Ecuyer and Marc Joannette
Linesman : Shandor Alphonso and Mark Shewchyk

Game Notes

Jeff Carter is injured at 7:11 of 1st period (Right Hand)
Eric Fehr is injured at 18:18 of 2nd period (Right Knee)

Finance

Level 1 -- Attendance: 5718 (87.97%) -- Ticket Income $628,980
Level 2 -- Attendance: 3153 (63.06%) -- Ticket Income $299,535
Level 3 -- Attendance: 2228 (63.66%) -- Ticket Income $167,100
Level 4 -- Attendance: 2163 (67.51%) -- Ticket Income $97,335
Luxury Box -- Attendance: 461 (46.10%) -- Ticket Income $165,960
Game was played at the Amalie Arena.
Total Attendance: 13723 (71.46%)
Total Ticket Income: $1,358,910
Other Income: $203,836
Total Income: $1,562,746

% Time on Ice - Capitals

Lines # - Real PCT - Wanted PCT - Time Play
Normal Forward
1 - 30% - 33% - 13:40
2 - 28% - 30% - 12:48
3 - 32% - 22% - 14:32
4 - 10% - 15% - 4:36
Normal Defense
1 - 28% - 33% - 12:53
2 - 32% - 26% - 14:38
3 - 31% - 26% - 14:01
4 - 9% - 15% - 4:04
PP Forward
1 - 39% - 60% - 1:41
2 - 61% - 40% - 2:36
PP Defense
1 - 61% - 60% - 2:36
2 - 39% - 40% - 1:41
PK Forward
1 - 74% - 60% - 5:26
2 - 26% - 40% - 1:55
PK Defense
1 - 62% - 60% - 4:34
2 - 38% - 40% - 2:47
PK3 Forward
1 - 0% - 60%
2 - 0% - 40%
PK3 Defense
1 - 0% - 60%
2 - 0% - 40%
44 Forward
1 - 86% - 60% - 2:22
2 - 14% - 40% - 0:24
44 Defense
1 - 67% - 60% - 1:51
2 - 33% - 40% - 0:55
Last Minute Offensive  - 0:00
Last Minute Defensive  - 0:00
Total
Forward - 60:00
Defense - 60:00

% Time on Ice - Lightning

Lines # - Real PCT - Wanted PCT - Time Play
Normal Forward
1 - 20% - 40% - 9:00
2 - 37% - 30% - 17:00
3 - 32% - 20% - 14:29
4 - 11% - 10% - 5:07
Normal Defense
1 - 35% - 40% - 15:45
2 - 28% - 30% - 12:36
3 - 33% - 20% - 15:00
4 - 5% - 10% - 2:15
PP Forward
1 - 56% - 60% - 4:08
2 - 44% - 40% - 3:13
PP Defense
1 - 60% - 60% - 4:23
2 - 40% - 40% - 2:58
PK Forward
1 - 100% - 60% - 4:17
2 - 0% - 40% - 0:00
PK Defense
1 - 51% - 60% - 2:11
2 - 49% - 40% - 2:06
PK3 Forward
1 - 0% - 60%
2 - 0% - 40%
PK3 Defense
1 - 0% - 60%
2 - 0% - 40%
44 Forward
1 - 100% - 60% - 2:46
2 - 0% - 40% - 0:00
44 Defense
1 - 49% - 60% - 1:22
2 - 51% - 40% - 1:24
Last Minute Offensive  - 0:00
Last Minute Defensive  - 0:00
Total
Forward - 60:00
Defense - 60:00

Play by Play

1st period


0:01 of 1st period - Mathieu Perreault wins face-off versus Henrik Sedin in neutral zone.
0:22 of 1st period - Shot by Henrik Sedin.
0:22 of 1st period - Shot Misses the Net.
1:26 of 1st period - Shot by Jeff Carter.
1:26 of 1st period - Shot Blocked by Calvin de Haan.
1:28 of 1st period - Shot by Andrej Meszaros.
1:28 of 1st period - Stopped by Jimmy Howard with a rebound.
1:30 of 1st period - Shot by Jeff Carter.
1:30 of 1st period - Shot Blocked by Mathew Dumba.
1:59 of 1st period - Icing by Bryce Salvador.
2:00 of 1st period - Travis Zajac wins face-off versus Andrew Desjardins in Capitals zone.
3:02 of 1st period - Shot by Alexander Ovechkin.
3:02 of 1st period - Shot Blocked by Andre Benoit.
4:30 of 1st period - Erik Gudbranson is hit by Matt Stajan.
4:37 of 1st period - Icing by Calvin de Haan.
4:38 of 1st period - Matt Stajan wins face-off versus Jeff Carter in Capitals zone.
5:16 of 1st period - Shot by John Gaudreau.
5:16 of 1st period - Shot Misses the Net.
6:02 of 1st period - Shot by Radim Vrbata.
6:02 of 1st period - Shot Misses the Net.
6:08 of 1st period - Shot by Patric Hornqvist.
6:08 of 1st period - Stopped by Jimmy Howard without a rebound.
6:09 of 1st period - Travis Zajac wins face-off versus Jiri Tlusty in Capitals zone.
6:13 of 1st period - Travis Zajac is hit by Morgan Rielly and loses puck.
6:14 of 1st period - Minor Penalty to Morgan Rielly for Roughing.
6:15 of 1st period - Travis Zajac wins face-off versus Cody Eakin in Capitals zone.
6:20 of 1st period - Shot by John Gaudreau.
6:20 of 1st period - Shot Misses the Net.
6:22 of 1st period - Shot by Radim Vrbata.
6:22 of 1st period - Deflect By John Gaudreau.
6:22 of 1st period - Stopped by Jimmy Howard without a rebound.
6:23 of 1st period - Henrik Sedin wins face-off versus Cody Eakin in Capitals zone.
6:41 of 1st period - Shot by Jeff Carter.
6:41 of 1st period - Stopped by Jimmy Howard without a rebound.
6:42 of 1st period - Travis Zajac wins face-off versus Cody Eakin in Capitals zone.
6:45 of 1st period - Shot by John Gaudreau.
6:45 of 1st period - Shot Misses the Net.
6:47 of 1st period - Shot by John Gaudreau.
6:47 of 1st period - Stopped by Jimmy Howard with a rebound.
6:49 of 1st period - Shot by John Gaudreau.
6:49 of 1st period - Shot Blocked by Alexander Ovechkin.
6:51 of 1st period - Shot by Andrej Sekera.
6:51 of 1st period - Stopped by Jimmy Howard without a rebound.
6:52 of 1st period - Henrik Sedin wins face-off versus Cody Eakin in Capitals zone.
7:10 of 1st period - Jeff Carter is hit by Nate Guenin and loses puck.
7:11 of 1st period - Jeff Carter from Lightning is injured at 7:11 of 1st period (Right Hand).
7:12 of 1st period - Travis Zajac wins face-off versus David Desharnais in Capitals zone.
8:50 of 1st period - Shot by Maxime Talbot.
8:50 of 1st period - Shot Misses the Net.
8:53 of 1st period - Icing by Matt Stajan.
8:54 of 1st period - Henrik Sedin wins face-off versus Matt Stajan in Capitals zone.
9:01 of 1st period - Shot by Henrik Sedin.
9:01 of 1st period - Shot Misses the Net.
9:03 of 1st period - Shot by Henrik Sedin.
9:03 of 1st period - Goal by Henrik Sedin - Capitals : 0 - Lightning : 1.
9:04 of 1st period - Henrik Sedin wins face-off versus Mathieu Perreault in neutral zone.
9:08 of 1st period - Andrej Meszaros is hit by Nate Guenin and loses puck.
9:16 of 1st period - Shot by John Gaudreau.
9:16 of 1st period - Shot Blocked by Alexander Ovechkin.
9:27 of 1st period - John Gaudreau is hit by Bryce Salvador and loses puck.
10:08 of 1st period - Shot by Travis Zajac.
10:08 of 1st period - Shot Blocked by Morgan Rielly.
10:10 of 1st period - Shot by Teddy Purcell.
10:10 of 1st period - Stopped by Jimmy Howard with a rebound.
11:29 of 1st period - Icing by Kevin Klein.
11:30 of 1st period - Mathieu Perreault wins face-off versus Vernon Fiddler in Lightning zone.
12:07 of 1st period - Shot by Taylor Hall.
12:07 of 1st period - Stopped by Jaroslav Halak without a rebound.
12:08 of 1st period - Henrik Sedin wins face-off versus David Desharnais in Lightning zone.
12:36 of 1st period - Shot by Henrik Sedin.
12:36 of 1st period - Stopped by Jimmy Howard without a rebound.
12:37 of 1st period - Travis Zajac wins face-off versus Jiri Tlusty in Capitals zone.
12:45 of 1st period - Off-side.
12:46 of 1st period - Jiri Tlusty wins face-off versus Travis Zajac in neutral zone.
13:07 of 1st period - Shot by Travis Zajac.
13:07 of 1st period - Shot Misses the Net.
13:26 of 1st period - Shot by Cody Eakin.
13:26 of 1st period - Shot Misses the Net.
14:51 of 1st period - Vernon Fiddler is hit by Derek Dorsett and loses puck.
15:16 of 1st period - Shot by Andrew Desjardins.
15:16 of 1st period - Deflect By Derek Dorsett.
15:16 of 1st period - Shot Misses the Net.
15:45 of 1st period - Shot by Cody Eakin.
15:45 of 1st period - Stopped by Jaroslav Halak without a rebound.
15:46 of 1st period - Matt Stajan wins face-off versus Patric Hornqvist in Lightning zone.
15:48 of 1st period - Minor Penalty to Matt Stajan for Interference.
15:49 of 1st period - Henrik Sedin wins face-off versus Cody Eakin in Capitals zone.
15:52 of 1st period - Shot by Patric Hornqvist.
15:52 of 1st period - Stopped by Jimmy Howard without a rebound.
15:53 of 1st period - Henrik Sedin wins face-off versus Cody Eakin in Capitals zone.
15:54 of 1st period - Shot by Patric Hornqvist.
15:54 of 1st period - Shot Misses the Net.
15:56 of 1st period - Shot by Patric Hornqvist.
15:56 of 1st period - Shot Misses the Net.
15:58 of 1st period - Shot by Maxime Talbot.
15:58 of 1st period - Shot Hit the Post.
17:11 of 1st period - Shot by Travis Zajac.
17:11 of 1st period - Stopped by Jimmy Howard without a rebound.
17:12 of 1st period - Henrik Sedin wins face-off versus David Desharnais in Capitals zone.
17:57 of 1st period - Travis Zajac is hit by Matt Stajan and loses puck.
19:17 of 1st period - Icing by David Desharnais.
19:18 of 1st period - Vernon Fiddler wins face-off versus David Desharnais in Capitals zone.
19:44 of 1st period - Troy Brouwer is hit by Derek Dorsett and loses puck.
19:45 of 1st period - Minor Penalty to Derek Dorsett for Elbowing.
19:46 of 1st period - Cody Eakin wins face-off versus Travis Zajac in Capitals zone.
19:55 of 1st period - Shot by Travis Zajac.
19:55 of 1st period - Stopped by Jimmy Howard without a rebound.
19:56 of 1st period - Travis Zajac wins face-off versus Cody Eakin in Capitals zone.
19:58 of 1st period - John Gaudreau is hit by Bryce Salvador and loses puck.
Goals for this period are 0 for Capitals vs 1 for Lightning.
Shots for this period are 2 for Capitals vs 12 for Lightning.

2nd period


0:01 of 2nd period - Cody Eakin wins face-off versus Vernon Fiddler in neutral zone.
0:37 of 2nd period - Patric Hornqvist is hit by Mike Green and loses puck.
0:42 of 2nd period - Shot by Henrik Sedin.
0:42 of 2nd period - Deflect By Patric Hornqvist.
0:42 of 2nd period - Stopped by Jimmy Howard without a rebound.
0:43 of 2nd period - Alexander Ovechkin wins face-off versus Travis Zajac in Capitals zone.
0:57 of 2nd period - Minor Penalty to Travis Zajac for Holding.
0:58 of 2nd period - Henrik Sedin wins face-off versus Mathieu Perreault in Lightning zone.
0:58 of 2nd period - Henrik Sedin is hit by Alexander Ovechkin.
1:48 of 2nd period - Alexander Semin is hit by Eric Fehr and loses puck.
1:59 of 2nd period - Kevin Klein is hit by Tomas Fleischmann and loses puck.
2:16 of 2nd period - Shot by Cody Eakin.
2:16 of 2nd period - Goal by Cody Eakin - Capitals : 1 - Lightning : 1.
2:17 of 2nd period - Vernon Fiddler wins face-off versus David Desharnais in neutral zone.
2:26 of 2nd period - Shot by Troy Brouwer.
2:26 of 2nd period - Shot Misses the Net.
2:48 of 2nd period - Shot by David Desharnais.
2:48 of 2nd period - Stopped by Jaroslav Halak without a rebound.
2:49 of 2nd period - Henrik Sedin wins face-off versus Jiri Tlusty in Lightning zone.
4:16 of 2nd period - Shot by Tobias Rieder.
4:16 of 2nd period - Shot Blocked by Nate Guenin.
4:36 of 2nd period - Icing by Bryce Salvador.
4:37 of 2nd period - Mathieu Perreault wins face-off versus Henrik Sedin in Capitals zone.
5:03 of 2nd period - Kevin Klein is hit by Calvin de Haan and loses puck.
5:38 of 2nd period - Eric Fehr is hit by Mike Green and loses puck.
6:31 of 2nd period - Shot by Alexander Ovechkin.
6:31 of 2nd period - Stopped by Jaroslav Halak without a rebound.
6:32 of 2nd period - David Desharnais wins face-off versus Travis Zajac in Lightning zone.
6:46 of 2nd period - Shot by Andrew Desjardins.
6:46 of 2nd period - Shot Misses the Net.
6:54 of 2nd period - Shot by Mathew Dumba.
6:54 of 2nd period - Shot Misses the Net.
6:56 of 2nd period - Shot by Derek Dorsett.
6:56 of 2nd period - Stopped by Jaroslav Halak with a rebound.
7:02 of 2nd period - Shot by David Desharnais.
7:02 of 2nd period - Stopped by Jaroslav Halak with a rebound.
7:04 of 2nd period - Shot by David Desharnais.
7:04 of 2nd period - Stopped by Jaroslav Halak without a rebound.
7:05 of 2nd period - Mathieu Perreault wins face-off versus Henrik Sedin in Lightning zone.
7:06 of 2nd period - Shot by Alexander Ovechkin.
7:06 of 2nd period - Shot Misses the Net.
7:08 of 2nd period - Shot by Nate Guenin.
7:08 of 2nd period - Shot Misses the Net.
7:12 of 2nd period - Shot by Alexander Ovechkin.
7:12 of 2nd period - Shot Blocked by Henrik Sedin.
7:16 of 2nd period - Shot by Taylor Hall.
7:16 of 2nd period - Deflect By Mathieu Perreault.
7:16 of 2nd period - Shot Misses the Net.
7:36 of 2nd period - Taylor Hall is hit by Patric Hornqvist and loses puck.
7:45 of 2nd period - Shot by Mathieu Perreault.
7:45 of 2nd period - Shot Misses the Net.
7:47 of 2nd period - Shot by Alexander Ovechkin.
7:47 of 2nd period - Shot Hit the Post.
8:27 of 2nd period - Shot by Tobias Rieder.
8:27 of 2nd period - Shot Misses the Net.
9:17 of 2nd period - Shot by John Gaudreau.
9:17 of 2nd period - Shot Hit the Post.
9:51 of 2nd period - Calvin de Haan is hit by Andrej Meszaros and loses puck.
10:17 of 2nd period - Shot by Patric Hornqvist.
10:17 of 2nd period - Shot Misses the Net.
10:19 of 2nd period - Shot by Kevin Klein.
10:19 of 2nd period - Deflect By Patric Hornqvist.
10:19 of 2nd period - Stopped by Jimmy Howard without a rebound.
10:20 of 2nd period - Mathieu Perreault wins face-off versus Travis Zajac in Capitals zone.
10:45 of 2nd period - Shot by Teddy Purcell.
10:45 of 2nd period - Shot Blocked by Nate Guenin.
10:52 of 2nd period - Icing by Nate Guenin.
10:53 of 2nd period - Henrik Sedin wins face-off versus Alexander Ovechkin in Capitals zone.
10:54 of 2nd period - Shot by Patric Hornqvist.
10:54 of 2nd period - Shot Blocked by Bryce Salvador.
11:08 of 2nd period - Henrik Sedin is hit by Alexander Ovechkin.
11:32 of 2nd period - Shot by Patric Hornqvist.
11:32 of 2nd period - Shot Misses the Net.
11:35 of 2nd period - Icing by Nate Guenin.
11:36 of 2nd period - Mathieu Perreault wins face-off versus Henrik Sedin in Capitals zone.
12:07 of 2nd period - Morgan Rielly is hit by Eric Fehr and loses puck.
12:18 of 2nd period - Shot by Cody Eakin.
12:18 of 2nd period - Shot Misses the Net.
12:20 of 2nd period - Shot by Morgan Rielly.
12:20 of 2nd period - Stopped by Jaroslav Halak without a rebound.
12:21 of 2nd period - Travis Zajac wins face-off versus David Desharnais in Lightning zone.
13:00 of 2nd period - Shot by Andrew Desjardins.
13:00 of 2nd period - Stopped by Jaroslav Halak without a rebound.
13:01 of 2nd period - Jiri Tlusty wins face-off versus Vernon Fiddler in Lightning zone.
13:07 of 2nd period - Shot by Jiri Tlusty.
13:07 of 2nd period - Stopped by Jaroslav Halak without a rebound.
13:08 of 2nd period - Henrik Sedin wins face-off versus Jiri Tlusty in Lightning zone.
13:40 of 2nd period - Icing by Erik Gudbranson.
13:41 of 2nd period - Henrik Sedin wins face-off versus Mathieu Perreault in Lightning zone.
13:41 of 2nd period - Henrik Sedin is hit by Taylor Hall.
14:46 of 2nd period - Andrej Meszaros is hit by Mike Green and loses puck.
14:55 of 2nd period - Shot by Tobias Rieder.
14:55 of 2nd period - Stopped by Jimmy Howard without a rebound.
14:56 of 2nd period - Troy Brouwer wins face-off versus David Desharnais in Capitals zone.
14:56 of 2nd period - Troy Brouwer is hit by Calvin de Haan.
15:09 of 2nd period - Minor Penalty to Calvin de Haan for Hooking.
15:10 of 2nd period - Travis Zajac wins face-off versus Cody Eakin in Capitals zone.
15:15 of 2nd period - Shot by Radim Vrbata.
15:15 of 2nd period - Shot Misses the Net.
15:17 of 2nd period - Shot by John Gaudreau.
15:17 of 2nd period - Deflect By Radim Vrbata.
15:17 of 2nd period - Shot Misses the Net.
15:19 of 2nd period - Shot by Radim Vrbata.
15:19 of 2nd period - Stopped by Jimmy Howard with a rebound.
15:21 of 2nd period - Shot by Kevin Klein.
15:21 of 2nd period - Goal by Kevin Klein - Capitals : 1 - Lightning : 2.
15:22 of 2nd period - Matt Stajan wins face-off versus Vernon Fiddler in neutral zone.
15:36 of 2nd period - Shot by Troy Brouwer.
15:36 of 2nd period - Stopped by Jimmy Howard without a rebound.
15:37 of 2nd period - Travis Zajac wins face-off versus David Desharnais in Capitals zone.
15:57 of 2nd period - Shot by Teddy Purcell.
15:57 of 2nd period - Deflect By Travis Zajac.
15:57 of 2nd period - Shot Blocked by Mathew Dumba.
16:11 of 2nd period - Shot by Derek Dorsett.
16:11 of 2nd period - Stopped by Jaroslav Halak without a rebound.
16:12 of 2nd period - Jiri Tlusty wins face-off versus Henrik Sedin in Lightning zone.
16:29 of 2nd period - Shot by Patric Hornqvist.
16:29 of 2nd period - Stopped by Jimmy Howard without a rebound.
16:30 of 2nd period - Henrik Sedin wins face-off versus Mathieu Perreault in Capitals zone.
16:44 of 2nd period - Shot by Mathieu Perreault.
16:44 of 2nd period - Deflect By Alexander Ovechkin.
16:44 of 2nd period - Shot Blocked by Andrej Sekera.
16:46 of 2nd period - Shot by Alexander Ovechkin.
16:46 of 2nd period - Shot Blocked by Henrik Sedin.
16:48 of 2nd period - Shot by Bryce Salvador.
16:48 of 2nd period - Stopped by Jaroslav Halak without a rebound.
16:49 of 2nd period - Travis Zajac wins face-off versus Cody Eakin in Lightning zone.
17:19 of 2nd period - Travis Zajac is hit by Mike Green.
17:21 of 2nd period - Shot by Tobias Rieder.
17:21 of 2nd period - Shot Blocked by Morgan Rielly.
17:49 of 2nd period - Mike Green is hit by Patric Hornqvist and loses puck.
18:11 of 2nd period - Off-side.
18:12 of 2nd period - Mathieu Perreault wins face-off versus Henrik Sedin in neutral zone.
18:17 of 2nd period - Eric Fehr is hit by Alexander Ovechkin and loses puck.
18:18 of 2nd period - Eric Fehr from Lightning is injured at 18:18 of 2nd period (Right Knee).
18:19 of 2nd period - Henrik Sedin wins face-off versus Mathieu Perreault in Lightning zone.
18:43 of 2nd period - Shot by Alexander Ovechkin.
18:43 of 2nd period - Stopped by Jaroslav Halak without a rebound.
18:44 of 2nd period - Travis Zajac wins face-off versus David Desharnais in Lightning zone.
18:51 of 2nd period - Shot by Tobias Rieder.
18:51 of 2nd period - Stopped by Jimmy Howard without a rebound.
18:52 of 2nd period - David Desharnais wins face-off versus Henrik Sedin in Capitals zone.
19:03 of 2nd period - Shot by John Gaudreau.
19:03 of 2nd period - Stopped by Jimmy Howard without a rebound.
19:04 of 2nd period - Travis Zajac wins face-off versus Mathieu Perreault in Capitals zone.
19:21 of 2nd period - Shot by Teddy Purcell.
19:21 of 2nd period - Shot Misses the Net.
19:23 of 2nd period - Shot by Andrej Sekera.
19:23 of 2nd period - Stopped by Jimmy Howard without a rebound.
19:24 of 2nd period - Henrik Sedin wins face-off versus Jiri Tlusty in Capitals zone.
19:25 of 2nd period - Shot by Radim Vrbata.
19:25 of 2nd period - Shot Blocked by Jay Harrison.
19:49 of 2nd period - Shot by Patric Hornqvist.
19:49 of 2nd period - Shot Misses the Net.
Goals for this period are 1 for Capitals vs 1 for Lightning.
Shots for this period are 12 for Capitals vs 10 for Lightning.

3rd period


0:01 of 3rd period - Matt Stajan wins face-off versus Henrik Sedin in neutral zone.
0:12 of 3rd period - Shot by Matt Stajan.
0:12 of 3rd period - Shot Misses the Net.
0:40 of 3rd period - Shot by Patric Hornqvist.
0:40 of 3rd period - Shot Blocked by Mike Green.
0:42 of 3rd period - Shot by Erik Gudbranson.
0:42 of 3rd period - Shot Misses the Net.
0:44 of 3rd period - Shot by Radim Vrbata.
0:44 of 3rd period - Stopped by Jimmy Howard with a rebound.
1:16 of 3rd period - Shot by John Gaudreau.
1:16 of 3rd period - Stopped by Jimmy Howard without a rebound.
1:17 of 3rd period - Andrew Desjardins wins face-off versus Tobias Rieder in Capitals zone.
2:28 of 3rd period - Shot by Henrik Sedin.
2:28 of 3rd period - Shot Misses the Net.
2:44 of 3rd period - Shot by Taylor Hall.
2:44 of 3rd period - Stopped by Jaroslav Halak without a rebound.
2:45 of 3rd period - Henrik Sedin wins face-off versus Jiri Tlusty in Lightning zone.
2:45 of 3rd period - Henrik Sedin is hit by Tomas Fleischmann.
2:53 of 3rd period - Shot by Henrik Sedin.
2:53 of 3rd period - Stopped by Jimmy Howard with a rebound.
4:31 of 3rd period - Icing by Bryce Salvador.
4:32 of 3rd period - Henrik Sedin wins face-off versus Derek Dorsett in Capitals zone.
4:47 of 3rd period - Maxime Talbot is hit by Derek Dorsett and loses puck.
5:32 of 3rd period - Shot by Vernon Fiddler.
5:32 of 3rd period - Stopped by Jimmy Howard without a rebound.
5:33 of 3rd period - Henrik Sedin wins face-off versus Jiri Tlusty in Capitals zone.
5:33 of 3rd period - Henrik Sedin is hit by Morgan Rielly.
6:55 of 3rd period - Minor Penalty to Mathieu Perreault for Interference.
6:56 of 3rd period - Cody Eakin wins face-off versus Vernon Fiddler in Capitals zone.
7:19 of 3rd period - Shot by Cody Eakin.
7:19 of 3rd period - Shot Misses the Net.
7:56 of 3rd period - Shot by John Gaudreau.
7:56 of 3rd period - Shot Misses the Net.
7:58 of 3rd period - Shot by Travis Zajac.
7:58 of 3rd period - Shot Misses the Net.
8:47 of 3rd period - Calvin de Haan is hit by Patric Hornqvist and loses puck.
9:00 of 3rd period - Shot by Jiri Tlusty.
9:00 of 3rd period - Shot Misses the Net.
9:07 of 3rd period - Icing by Tobias Rieder.
9:08 of 3rd period - Travis Zajac wins face-off versus David Desharnais in Lightning zone.
9:08 of 3rd period - Travis Zajac is hit by Derek Dorsett.
9:14 of 3rd period - David Desharnais is hit by Tobias Rieder and loses puck.
9:56 of 3rd period - Off-side.
9:57 of 3rd period - Mathieu Perreault wins face-off versus Maxime Talbot in neutral zone.
9:57 of 3rd period - Taylor Hall is hit by Maxime Talbot and loses puck.
10:13 of 3rd period - Henrik Sedin is hit by Calvin de Haan and loses puck.
10:17 of 3rd period - Minor Penalty to Maxime Talbot for High sticking.
10:17 of 3rd period - Minor Penalty to Calvin de Haan for Elbowing.
10:18 of 3rd period - Vernon Fiddler wins face-off versus Mathieu Perreault in Capitals zone.
11:32 of 3rd period - Icing by Andrej Sekera.
11:33 of 3rd period - Henrik Sedin wins face-off versus Taylor Hall in Lightning zone.
12:30 of 3rd period - Shot by Tobias Rieder.
12:30 of 3rd period - Shot Misses the Net.
12:38 of 3rd period - Minor Penalty to Tobias Rieder for Hooking.
12:39 of 3rd period - Travis Zajac wins face-off versus Cody Eakin in Lightning zone.
12:39 of 3rd period - Travis Zajac is hit by Tomas Fleischmann.
12:50 of 3rd period - Off-side.
12:51 of 3rd period - Mathieu Perreault wins face-off versus Travis Zajac in neutral zone.
13:37 of 3rd period - Shot by Taylor Hall.
13:37 of 3rd period - Stopped by Jaroslav Halak with a rebound.
13:49 of 3rd period - Icing by Mike Green.
13:50 of 3rd period - Tomas Fleischmann wins face-off versus Travis Zajac in Capitals zone.
14:07 of 3rd period - Shot by Taylor Hall.
14:07 of 3rd period - Shot Misses the Net.
14:09 of 3rd period - Shot by Cody Eakin.
14:09 of 3rd period - Shot Misses the Net.
14:11 of 3rd period - Shot by Taylor Hall.
14:11 of 3rd period - Stopped by Jaroslav Halak with a rebound.
14:25 of 3rd period - Shot by Calvin de Haan.
14:25 of 3rd period - Stopped by Jaroslav Halak without a rebound.
14:26 of 3rd period - Henrik Sedin wins face-off versus Mathieu Perreault in Lightning zone.
14:26 of 3rd period - Henrik Sedin is hit by Alexander Ovechkin.
14:42 of 3rd period - Brad Hunt is hit by Andrew Desjardins and loses puck.
15:03 of 3rd period - Shot by David Desharnais.
15:03 of 3rd period - Stopped by Jaroslav Halak without a rebound.
15:04 of 3rd period - Henrik Sedin wins face-off versus Jiri Tlusty in Lightning zone.
15:51 of 3rd period - Shot by Travis Zajac.
15:51 of 3rd period - Shot Misses the Net.
16:15 of 3rd period - Brad Hunt is hit by Derek Dorsett and loses puck.
16:20 of 3rd period - Shot by David Desharnais.
16:20 of 3rd period - Shot Blocked by Brad Hunt.
16:31 of 3rd period - Icing by Andre Benoit.
16:32 of 3rd period - Mathieu Perreault wins face-off versus Travis Zajac in Lightning zone.
16:35 of 3rd period - Shot by Alexander Ovechkin.
16:35 of 3rd period - Shot Misses the Net.
16:37 of 3rd period - Shot by Calvin de Haan.
16:37 of 3rd period - Stopped by Jaroslav Halak without a rebound.
16:38 of 3rd period - Henrik Sedin wins face-off versus Mathieu Perreault in Lightning zone.
16:56 of 3rd period - Shot by Taylor Hall.
16:56 of 3rd period - Shot Misses the Net.
17:14 of 3rd period - Shot by Alexander Ovechkin.
17:14 of 3rd period - Shot Misses the Net.
18:05 of 3rd period - Jiri Tlusty is hit by Maxime Talbot and loses puck.
18:13 of 3rd period - Minor Penalty to Tobias Rieder for Holding Stick.
18:14 of 3rd period - Mathieu Perreault wins face-off versus Travis Zajac in Lightning zone.
18:45 of 3rd period - Icing by Bryce Salvador.
18:46 of 3rd period - Travis Zajac wins face-off versus Mathieu Perreault in Capitals zone.
19:23 of 3rd period - Capitals, Jimmy Howard is pulled from the net.
19:25 of 3rd period - Shot by Cody Eakin.
19:25 of 3rd period - Deflect By Alexander Semin.
19:25 of 3rd period - Stopped by Jaroslav Halak without a rebound.
19:26 of 3rd period - Henrik Sedin wins face-off versus Cody Eakin in Lightning zone.
Goals for this period are 0 for Capitals vs 0 for Lightning.
Shots for this period are 7 for Capitals vs 4 for Lightning.